AoeStats
← Gim

Arena

506840613Analyzed
4v4 RM · 16d ago on Sep 15, 2026· 50m 25s· 8 players
Game mode
Random Map
Map size
Large (8 player)
Population
200
Speed
Normal
Resources
Standard
Victory
Conquest
Starting age
Dark Age
Ending age
Imperial Age
RankedLock teamsTeams togetherTeam positionsShared explorationLock speedFull tech treeHidden civsTurbo modeCheats
Victory
Defeat
🇨🇳 Slavs · China
1281
+16
🇨🇳 Italians · China
1254
+17
🇨🇳 Sicilians · China
1247
+17
🇨🇳 Bohemians · China
1292
-17
🇩🇪 Magyars · Germany
1277
-17
🇧🇷 Goths · Brazil
1260
-16
🇵🇪 Malians · Peru
1254
-16
kraquen
10:56 Feudal Age
14:56 Castle Age
13:27 Double-Bit Axe
14:15 Loom
16:03 Horse Collar
21:58 Heavy Plow
23:17 Wheelbarrow
28:05 Imperial Age
26:14 Bow Saw
26:41 Gold Mining
28:00 Gold Shaft Mining
30:00 Chemistry
29:25 Hand Cart
32:57 Town Watch
33:31 Scale Barding Armor
33:37 Forging
34:05 Fletching
35:51 Bodkin Arrow
36:08 Capped Ram
36:56 Cavalier
39:21 Heavy Camel Rider
40:12 Bloodlines
40:40 Iron Casting
40:26 Chain Barding Armor
42:36 Fortified Wall
43:07 Plate Barding Armor
44:36 Light Cavalry
46:58 Farimba
green
8:04 Loom
11:13 Feudal Age
15:35 Castle Age
14:03 Double-Bit Axe
14:01 Horse Collar
15:35 Gold Mining
26:42 Imperial Age
25:34 Bow Saw
25:29 Heavy Plow
27:55 Fletching
28:14 Scale Barding Armor
28:00 Fletching
33:38 Chain Barding Armor
34:07 Bodkin Arrow
TheLawRøcK®
10:39 Feudal Age
15:09 Castle Age
13:00 Horse Collar
13:10 Double-Bit Axe
16:12 Bow Saw
16:42 Wheelbarrow
16:53 Heavy Plow
19:31 Hand Cart
23:01 Coinage
22:35 Gold Mining
23:07 Stone Mining
26:19 Stone Shaft Mining
25:08 Pikeman
29:14 Imperial Age
26:55 Squires
27:23 Scale Mail Armor
27:58 Forging
28:39 Chain Mail Armor
28:33 Fletching
30:31 Iron Casting
29:26 Halberdier
30:46 Bodkin Arrow
31:24 Crop Rotation
31:56 Two-Man Saw
31:26 Loom
32:50 Perfusion
33:53 Blast Furnace
34:11 Masonry
34:04 Bracer
36:38 Conscription
36:16 Elite Huskarl
37:18 Anarchy
Gim
10:04 Feudal Age
14:05 Castle Age
13:09 Double-Bit Axe
13:36 Horse Collar
23:23 Wheelbarrow
23:37 Heavy Plow
27:52 Imperial Age
27:07 Chemistry
25:55 Loom
26:03 Loom
26:45 Bow Saw
26:39 Scale Mail Armor
26:11 Pikeman
27:38 Hand Cart
28:26 Ballistics
28:08 Halberdier
30:48 Conscription
31:20 Conscription
30:37 Houfnice
33:17 Fortified Wall
33:37 Fletching
休眠玩家 精锐条顿骑士 一步杀十人
5:22 Loom
11:46 Feudal Age
15:43 Castle Age
14:00 Double-Bit Axe
14:05 Horse Collar
16:40 Town Watch
21:42 Wheelbarrow
21:26 Bow Saw
21:17 Heavy Plow
24:51 Hand Cart
25:43 Gold Mining
30:53 Imperial Age
28:58 Fletching
30:17 Fortified Wall
30:13 Bodkin Arrow
31:17 Ballistics
32:40 Bracer
33:43 Chemistry
34:54 Elite Rattan Archer
36:02 Padded Archer Armor
37:04 Leather Archer Armor
40:58 Ring Archer Armor
43:00 Scale Mail Armor
43:10 Forging
43:23 Paper Money
44:58 Chain Mail Armor
45:18 Iron Casting
44:59 Pikeman
45:40 Squires
45:25 Arson
46:12 Plate Mail Armor
46:30 Hoardings
45:30 Halberdier
48:52 Scale Barding Armor
49:06 Thumb Ring
48:22 Elite Skirmisher
48:32 Elite Skirmisher
51:03 Chain Barding Armor
50:39 Stone Mining
icu monster
11:21 Feudal Age
12:07 Horse Collar
15:31 Castle Age
13:38 Gold Mining
16:17 Wheelbarrow
16:50 Double-Bit Axe
19:28 Heavy Plow
21:25 Loom
21:25 Town Watch
21:26 Loom
21:26 Town Watch
23:24 Bloodlines
24:21 Scale Barding Armor
26:08 Bow Saw
26:36 Gold Shaft Mining
26:11 Husbandry
27:07 Hand Cart
31:08 Imperial Age
30:58 Chain Barding Armor
31:19 Forging
31:25 Cavalier
32:47 Plate Barding Armor
33:40 Iron Casting
34:41 Crop Rotation
36:11 Blast Furnace
35:59 Hauberk
36:14 Conscription
38:58 Chemistry
44:46 Light Cavalry
买麻衣也用劵
11:49 Feudal Age
16:03 Castle Age
14:15 Double-Bit Axe
14:17 Horse Collar
16:44 Wheelbarrow
18:15 Bow Saw
20:59 Pikeman
24:50 Scale Mail Armor
32:07 Chain Mail Armor
41:26 Man-at-Arms
42:36 Long Swordsman
43:16 Squires
50:07 Imperial Age
48:08 Forging
48:28 Heavy Plow
48:33 Gold Mining
49:28 Iron Casting
49:42 Hand Cart
50:43 Gold Shaft Mining
50:12 Two-Handed Swordsman
51:30 Plate Mail Armor
打咩哟~
10:40 Feudal Age
11:43 Double-Bit Axe
14:38 Castle Age
12:51 Horse Collar
16:16 Bow Saw
17:45 Heavy Plow
18:58 Loom
19:49 Wheelbarrow
19:42 Gold Mining
23:25 Hand Cart
27:08 Imperial Age
24:34 Pikeman
25:14 Squires
25:03 Arson
25:23 Scale Mail Armor
27:50 Forging
27:55 Chain Mail Armor
29:32 Conscription
29:42 Fletching
32:18 Iron Casting
32:14 Plate Mail Armor
31:40 Bodkin Arrow
33:23 Plate Mail Armor
38:16 Hand Cart
38:02 Pikeman
41:34 Blast Furnace
50:45 Chemistry
49:26 Treadmill Crane
49:41 Murder Holes
50:42 Bracer
50:43 Padded Archer Armor
Connection lost

Rejoining the realm…

Still unreachable

The connection could not be restored.

Session expired

The server has moved on; the page needs a fresh start.